Cogmind - Beta 9.3 @@@ ROGUE MODE // 2019.12.30 @ 13:42:58 Player: mrbill82 Result: Destroyed by G-34 Mercenary with Small Laser Performance ------------- Evolutions (0) 0 Regions Visited (1) 200 Robots Destroyed (22) 110 Value Destroyed (417) 417 Prototype IDs (2) 40 Alien Tech Used (0) 0 Bonus (0) 0 TOTAL SCORE: 767 Bonus ------- None Cogmind --------- Core Integrity 0/250 Matter 300/300 Energy 100/100 System Corruption 0% Temperature Cool (6) Movement Core (350) Ox6 Location -10/Materials Parts ------- > --- POWER (1) -------- Ion Engine > --- PROPULSION (2) --- (None) > --- UTILITY (2) ------ Large Storage Unit > --- WEAPON (2) ------- (None) > --- INVENTORY (10) --- Wheel Wheel High-capacity Battery (400) Terrain Scanner Seismic Analyzer Peak State ------------ > --- POWER ------------ Light Ion Engine > --- PROPULSION ------- Aluminum Leg Aluminum Leg > --- UTILITY ---------- Heat Sink Large Storage Unit > --- WEAPON ----------- EM Pulse Gun EM Pulse Gun > --- INVENTORY -------- Ion Engine Wheel Wheel Mining Laser [Rating: 7] Favorites ----------- Power Ion Engine Engine Ion Engine Propulsion Aluminum Leg Leg Aluminum Leg Wheel Wheel Flight Unit Flight Unit Utility Large Storage Unit Device Heat Sink Storage Large Storage Unit Weapon EM Pulse Gun Energy Gun EM Pulse Gun Launcher Grenade Launcher Special Melee Weapon Datajack Build | -11 -10 ------- Run | Scr Mat Slots Evolved . | . . Power . | . . Propulsion . | . . Utility . | . . Weapon . | . . Parts Attached 26 | 5 21 Power 7 | 1 6 Engine 7 | 1 6 Core . | . . Reactor . | . . Propulsion 8 | 2 6 Treads . | . . Leg 4 | 2 2 Wheel 2 | . 2 Hover . | . . Flight 2 | . 2 Utility 5 | . 5 Device 3 | . 3 Storage 2 | . 2 Processor . | . . Hackware . | . . Protection . | . . Artifact . | . . Weapon 6 | 2 4 Energy Gun 4 | 2 2 Energy Cannon . | . . Ballistic Gun . | . . Ballistic Cannon . | . . Launcher 1 | . 1 Special Weapon . | . . Impact Weapon . | . . Slashing Weapon . | . . Piercing Weapon . | . . Special Melee Weapon 1 | . 1 Unidentified Prototypes . | . . Parts Lost 7 | . 7 Power 1 | . 1 Propulsion 1 | . 1 Utility 1 | . 1 Weapon 4 | . 4 Highest Loss Streak 4 | . 4 Average Slot Usage (%) 88 | . 88 Engine 13 | . 13 Leg 25 | . 25 Device 9 | . 9 Storage 13 | . 13 Energy Gun 13 | . 13 Launcher 7 | . 7 Special Melee Weapon 4 | . 4 Naked Turns . | . . Heaviest Build 26 | 7 26 Greatest Support 20 | 20 20 Greatest Overweight (x) 7 | . 7 Average Overweight (x) . | . 1 Largest Inventory Capacity 10 | 4 10 Average Capacity 9 | 4 9 Most Carried 7 | 4 7 Average Carried 4 | 2 4 Final Capacity 10 | 4 10 Final Carried 5 | 3 5 Class Distribution -------------------- 100% | Mutant Dominant Class ---------------- Mutant | -10/Materials Resources | -11 -10 ----------- Run | Scr Mat Matter Collected 546 | 250 296 Remotely . | . . Salvage Created 510 | 68 442 Parts 47 | 6 41 Haulers Intercepted 1 | . 1 Recyclers Shooed 3 | . 3 Parts Field Recycled . | . . Retrieved Matter . | . . Parts Self-Destructed . | . . Prevented . | . . Kills | -11 -10 ------- Run | Scr Mat Combat Hostiles Destroyed 17 | 1 16 Guns 10 | 1 9 AOE 7 | . 7 Classes Destroyed 6 | 2 4 Worker 2 | 1 1 Builder 1 | . 1 Hauler 1 | . 1 Watcher 1 | . 1 Swarmer 9 | . 9 Grunt 8 | 1 7 Best Kill Streak 4 | 2 4 Combat Bots Only 4 | 1 4 Max Kills in Single Turn 3 | 1 3 Gunslinging . | . . Exploded 3 | . 3 Melee . | . . Uniques/NPCs Destroyed . | . . Combat | -11 -10 -------- Run | Scr Mat Damage Taken 860 | 23 837 Core 255 | . 255 Absorbed by Shields . | . . Core Remaining (%) 100 | 100 . Volleys Fired 39 | 2 37 Largest 2 | 2 2 Hottest 80 | 80 80 Shots Fired 57 | 4 53 Gun 45 | 4 41 Cannon . | . . Launcher 12 | . 12 Special . | . . Kinetic . | . . Thermal 6 | . 6 Explosive 12 | . 12 Electromagnetic 39 | 4 35 Robot Hit Streak 9 | 1 9 Robot Miss Streak 4 | 2 4 Penetration Max . | . . Secondary Targets 1 | . 1 Max Gunslinging Chain 1 | . 1 Shots Hit Robots 37 | 2 35 Core Hits 31 | 3 28 Critical Hits . | . . Critical Kills . | . . Critical Parts Destroyed . | . . Melee Attacks 10 | . 10 Impact . | . . Slashing . | . . Piercing . | . . Sneak Attacks 8 | . 8 Combat Hostiles . | . . Follow-up Attacks . | . . Damage Inflicted 1083 | 41 1042 Guns 315 | 41 274 Cannons . | . . Explosions 755 | . 755 Melee . | . . Ramming 13 | . 13 Kinetic . | . . Thermal 164 | . 164 Explosive 591 | . 591 Electromagnetic 315 | 41 274 Impact . | . . Slashing . | . . Piercing . | . . Highest Corruption . | . . Average Corruption . | . . Corruption Purged . | . . Overload Shots . | . . Overflow Damage 32 | . 32 Projectiles . | . . Explosions 32 | . 32 Melee . | . . Knockbacks . | . . Impact . | . . Kinetic . | . . Secondary . | . . Self-Inflicted Damage 136 | . 136 Shots 8 | . 8 Rammed 3 | . 3 Targets Rammed 4 | . 4 Kicked 1 | . 1 Crushed . | . . Highest Temperature 48 | 48 48 Average Temperature 16 | 28 14 Received Heat Transfer 288 | 12 276 Siege Activations . | . . Robots Corrupted . | . . Combat Hostiles . | . . Parts Fried 1 | . 1 Impact Corruptions . | . . Robots Melted . | . . Combat Hostiles . | . . Parts Melted . | . . Heat Transferred 150 | . 150 Parts Sabotaged . | . . Parts Stolen . | . . Parts Stripped . | . . Power Chain Reactions 2 | . 2 Missiles Intercepted . | . . Alert | -11 -10 ------- Run | Scr Mat Peak Influence 280 | 25 280 Average Influence 120 | 3 142 Maximum Alert Level 1 | . 1 Low Security (%) 82 | 100 79 Level 1 17 | . 20 Level 2 . | . . Level 3 . | . . Level 4 . | . . Level 5 . | . . High Security . | . . Max Security . | . . Squads Dispatched 6 | . 6 Investigation 2 | . 2 Extermination . | . . Reinforcement 4 | . 4 Assault . | . . Garrison . | . . Intercept . | . . Construction Impeded . | . . Haulers Reinforced . | . . Stealth | -11 -10 --------- Run | Scr Mat Distress Signals 1 | . 1 Communications Jammed . | . . Distress Signals . | . . Times Spotted 34 | 1 33 Peak Tracking Total 6 | 1 6 Tactical Retreats 2 | . 2 Traps | -11 -10 ------- Run | Scr Mat Traps Triggered 3 | . 3 Indirectly . | . . Trap Hack Attempts . | . . Triggered . | . . Disarmed . | . . Reprogrammed . | . . Reused . | . . Traps Extracted . | . . Installed . | . . Triggered . | . . Machines | -11 -10 ---------- Run | Scr Mat Machines Disabled 3 | . 3 Max in Single Turn 1 | . 1 Machines Sabotaged . | . . Garrisons Compromised . | . . Overloaded Fab Kills . | . . Fab Network Shutdowns . | . . Hacking | -11 -10 --------- Run | Scr Mat Machines Accessed 5 | . 5 Terminals 3 | . 3 Fabricators . | . . Repair Stations 1 | . 1 Recycling Units 1 | . 1 Scanalyzers . | . . Garrison Access . | . . Total Hacks 22 | . 22 Successful 15 | . 15 Failed 7 | . 7 Catastrophic . | . . Database Lockouts . | . . Manual . | . . Terminals 12 | . 12 Fabricators . | . . Repair Stations 8 | . 8 Recycling Units 2 | . 2 Scanalyzers . | . . Garrison Access . | . . Terminal Hacks 6 | . 6 Record 3 | . 3 Prototype ID Bank 1 | . 1 Emergency Access Points 1 | . 1 Locate Traps 1 | . 1 Fabricator Hacks . | . . Repair Station Hacks 7 | . 7 Scan Component 3 | . 3 Repair 3 | . 3 Refit 1 | . 1 Recycling Unit Hacks 2 | . 2 Report Inventory 1 | . 1 Retrieve Components 1 | . 1 Scanalyzer . | . . Garrison Access Hacks . | . . Unauthorized Hacks . | . . Terminals . | . . Fabricators . | . . Repair Stations . | . . Recycling Units . | . . Scanalyzers . | . . Garrison Access . | . . Data Cores Recovered . | . . Used . | . . Hacking Detections 5 | . 5 Full Trace Events 2 | . 2 Feedback Events . | . . Feedback Blocked . | . . Robot Schematics Acquired . | . . Robots Built . | . . Matter . | . . Time . | . . Total Robot Build Rating . | . . Part Schematics Acquired . | . . Parts Built . | . . Matter . | . . Time . | . . Total Part Build Rating . | . . Parts Repaired 3 | . 3 Time 78 | . 78 Parts Recycled . | . . Recycled Matter . | . . Retrieved Matter . | . . Retrieved Components 10 | . 10 Parts Scanalyzed . | . . Part Schematics Acquired . | . . Parts Damaged . | . . Bothacking | -11 -10 ------------ Run | Scr Mat Used RIF Installer . | . . Robots Hacked 4 | . 4 Non-combat 3 | . 3 Combat 1 | . 1 Robot Hacks Applied 8 | . 8 parse_system 2 | . 2 no_distress 5 | . 5 find_recycling 1 | . 1 Relay Couplers Released . | . . Robots Rewired . | . . Allies Hacked . | . . Hacks Repelled . | . . Allies | -11 -10 -------- Run | Scr Mat Total Allies . | . . Largest Group . | . . Highest-Rated Group . | . . Highest-Rated Ally . | . . Total Orders . | . . Ally Attacks . | . . Total Damage . | . . Kills . | . . Allies Corrupted . | . . Allies Melted . | . . Intel | -11 -10 ------- Run | Scr Mat Robot Analysis Total . | . . Derelict Logs Recovered . | . . Drone Launches . | . . Drone Recoveries . | . . Exploration | -11 -10 ------------- Run | Scr Mat Turns Passed 1370 | 212 1158 Spaces Moved 821 | 172 649 Core 27 | 16 11 Treads . | . . Legs 794 | 156 638 Wheels . | . . Hover . | . . Flight . | . . Fastest Speed 50 | 50 120 Average Speed 144 | 113 152 Slowest Speed 400 | 120 400 Overloaded Moves . | . . Propulsion Burnouts . | . . Robots Hopped . | . . Cave-ins Triggered . | . . Exploration Rate (%) 35 | 9 61 Regions Visited 1 Branch Regions . Pre-discovered Areas . | . . Known Exits Taken . | . . Unknown Exits Taken 1 | 1 . Scrap Searched . | . . Spaces Dug . | . . Terrain Destroyed 57 | . 57 Melee . | . . Projectile . | . . AOE 57 | . 57 Actions | -11 -10 --------- Run | Scr Mat Total 935 | 184 751 Wait 1 | . 1 Move 820 | 171 649 Hop . | . . Pick Up 16 | 6 10 Fast Attach 7 | 2 5 Attach 13 | 3 10 Detach 10 | . 10 Swap 6 | . 6 Drop 9 | . 9 Fire 39 | 2 37 Melee 10 | . 10 Ram 1 | . 1 Kick 3 | . 3 Crush . | . . Escape Stasis . | . . Rewire . | . . Trap . | . . Miscellaneous . | . . Route ------- -11/Scrapyard -10/Materials (discovered 3 exits: [*Mat x2] / [*Min]) History --------- Turn | Location | Event 2 | -11/Scrapyard | Met Revision 17 87 | -11/Scrapyard | Discovered new exit (range 8) 213 | -11/Scrapyard | Entered Materials 241 | -10/Materials | Discovered new exit (range 10) 305 | -10/Materials | Build established: Mutant 413 | -10/Materials | Discovered new exit (range 3) 559 | -10/Materials | Repaired Lgt. Ion Engine 585 | -10/Materials | Repaired EM Pulse Gun 656 | -10/Materials | Discovered new exit (range 9) 1281 | -10/Materials | Repaired Aluminum Leg 1287 | -10/Materials | Core integrity fell below 50% 1348 | -10/Materials | Lost 4 parts (1n1u2w) 1367 | -10/Materials | Core integrity fell below 20% 1371 | -10/Materials | Destroyed by G-34 Mercenary with Small Laser Last Messages --------------- ALERT: Suspicious activity at Repair Station M001. Dispatching Investigation squad. Jacked G-34 Mercenary... >>parse_system Reading system data... Repair station completes Aluminum Leg repairs. Grenade Launcher destroyed. Aluminum Leg destroyed. Datajack destroyed. G-34 Mercenary destroyed. Terrain Scanner destroyed. A-02 Transporter destroyed. Acquired 74 matter. R-06 Scavenger distress signal failed. R-06 Scavenger collects Lgt. Treads. EM Pulse Gun destroyed. K-01 Serf collects debris. Slammed into G-34 Mercenary. Destabilizing: Short circuit. Broken Ion Engine permanently disabled. Map ----- +----------------------------------------------------+ | ??#######+### ! ###### | | #?# ## #???## | | ??# ## #????? | | ??#= ## !!##???? | | ??# """ # "" ! #??#?? | | ??# """"" + #??? ? | | ??# """"" # #????? | | ??# """"" ### #### #"???? | | ??# """ # # # # #????? | | ??# # # # # #????? | | ??############+#### #????? | | ########### # #????? | | # =##??# # " / #??"?? | | # !##??### [ " # #????? | | # ####### [["" # #????? | | # + ## = # ???? | | #] # ## # ?? | | # #= ####+#### | | # # ###### | | # # < #????? | | ###### #????? | | # + #######+##+##????? | | # # #????????????????? | | # [!# #????????????????? | | # =!%# ??? ??????????? | | #kg@g# ########????????????? | | # % # ##??????? ??????????? | | # + #######?#? ?????????? | | # # ## #????? ???????? | | # # ## #?????????????? | | ###### ## #?????????#+#?? | | ?????#!## #???#?????# #?? | | ????##%## ########### #?? | | ?#####=[# # """ # #?? | | ?##!! # # """ # #?? | | ?#! / / """ # #?? | | ?#! # # # ##? | | ?#! ####+#^ """ + #? | | ?#! / =R" # ## | | ?##!! # """ # ## | | ??#### """ # # ## | | ?????# """ ####+###### ## | | ?????# """ #### ##### # | | ?????# # | | ?????# T + | | ?????# ############+## # | | ?????# #??????????? ###### | | ?????# #????"?? ???? #????# | | ?????####?????????????#????# | | ?????????????????? ? ??????# | +----------------------------------------------------+ Best States ------------- Heat Dissipation 35 Energy Generation 10 Energy Capacity 250 Matter Stores 300 Matter Capacity 300 Sight Range 16 Terrain Scan Range 14 Terrain Scan Density 10 Evasion (%) 50 Item Schematics ----------------- None Robot Schematics ------------------ None Fabricated ------------ Nothing Alien Tech Used ----------------- None Achievements -------------- None Challenges ------------ None Game ------ Seed SiegeParticleStabilizer Manual? 0 Play Time 00:27:44 Cumulative 2.4 hours Start 2019.12.30 @ 08:04:30 End 2019.12.30 @ 13:42:58 Sessions 3 Manual Loads 0 Difficulty Rogue Special Mode None Game No. 3 Rogue 3 Adventurer 0 Explorer 0 Win Type - Total 0 Types 0/0/0/0/0/0/0 Lore% 1 Gallery% 5 Achievement% 5 Wizard Run 0 Options --------- ASCII 0 Keyboard 1 Movement Numpad Keybinds 0 Fullscreen 1 Font 18/X11 Map View 76x50 Tactical HUD 0 Map Filters NONE Filters NONE Steam 1 RUN: 39eafbbf-134d-48c6-a733-675103fde6fa